 Dungeon Crawl Stone Soup version 0.31-a0-344-gd109795599 (webtiles) character file.

Game seed: 9110483995775468948

2216 LeprechaunX the Grappler (level 9, -2/58 HPs)
             Began as an Octopode Shapeshifter on July 22, 2023.
             Was an Initiate of Cheibriados.
             Succumbed to a killer bee's poison
             ... on level 7 of the Dungeon.
             The game lasted 00:08:18 (6453 turns).

LeprechaunX the Grappler (Octopode Shapeshifter)    Turns: 6453, Time: 00:08:19

Health: -2/58      AC:  1    Str: 18    XL:     9   Next: 35%
Magic:  11/11      EV: 14    Int: 11    God:    Cheibriados [......]
Gold:   363        SH:  0    Dex: 15    Spells: 8/8 levels left

rFire   . .          .
                       - Unarmed
rCold   . . .        (no shield)
rNeg    . . .        (helmet currently unavailable)
rPois   .            (no amulet)
rElec   .            (no ring)
rCorr   .            (no ring)
SInv    .            (no ring)
Will    .....        (no ring)
Stlth   ++           (no ring)
HPRegen 0.29/turn    (no ring)
MPRegen 0.12/turn    (no ring)
                     (no ring)

%: no passive effects
@: mighty, lethally poisoned (-2 -> -18), beast-form, very slow
A: beast (slay +3), almost no armour, amphibious, 8 rings, camouflage 1,
gelatinous body 1, (nimble swimmer 1), tentacles
a: Begin Untransformation, Renounce Religion


You were on level 7 of the Dungeon.
You worshipped Cheibriados.
Cheibriados was noncommittal.
You were a hulking beast.
You visited 2 branches of the dungeon, and saw 9 of its levels.

You collected 363 gold pieces.

Inventory:

Hand Weapons
 a - a +2 shortbow of freezing
Missiles
 l - 4 javelins (quivered)
 o - 2 silver javelins
Jewellery
 w - a ring of willpower
Talismans
 b - a beast talisman
Wands
 u - a wand of flame (23)
Scrolls
 d - 3 scrolls of teleportation {unknown}
 e - a scroll of vulnerability {unknown}
 f - 2 scrolls of enchant armour {unknown}
 g - a scroll of noise {unknown}
 h - a scroll of fear {unknown}
 i - 2 scrolls of revelation {unknown}
 k - 5 scrolls of identify {unknown}
 m - a scroll of immolation {unknown}
 n - a scroll of torment {unknown}
 s - a scroll of fog {unknown}
 y - a scroll of summoning {unknown}
 z - a scroll of enchant weapon {unknown}
Potions
 c - 3 potions of might
 j - 2 potions of invisibility {unknown}
 p - a potion of magic {unknown}
 q - 2 potions of enlightenment {unknown}
 r - a potion of heal wounds {unknown}
 t - 2 potions of lignification
 v - a potion of mutation {unknown}
 x - a potion of curing {unknown}


   Skills:
 - Level 4.0 Fighting
 + Level 4.3 Ranged Weapons
 - Level 4.0 Dodging
 * Level 8.3 Unarmed Combat
 + Level 2.7 Invocations
 + Level 5.4 Shapeshifting


You had 8 spell levels left.
You didn't know any spells.
Your spell library contained the following spells:

 Spells                   Type           Power      Damage    Failure   Level
 Blink                    Tloc           0%         N/A       47%         2
 Manifold Assault         Tloc           0%         N/A       98%         4


Dungeon Overview and Level Annotations

Branches:
Dungeon (8/15)             Temple (1/1) D:7
   Lair: D:8-11

Altars:
Ashenzari
Cheibriados
Elyvilon
Fedhas
Gozag
Kikubaaqudgha
Makhleb
Nemelex Xobeh
Okawaru
Qazlal
Ru
Sif Muna
Trog
Uskayaw
Wu Jian
Xom
Yredelemnul
Zin
The Shining One

Shops:
D:4 (


Innate Abilities, Weirdness & Mutations

You are a hulking beast.
Your limbs bulge with bestial killing power. (Slay +3)
You cannot wear most types of armour.
You are amphibious.
You can wear up to eight rings at the same time.
Your skin changes colour to match your surroundings (Stealth+).
Your rubbery body absorbs attacks. (AC +1, EV +1)
((You are camouflaged when in or above water. (Stealth+)))
You have tentacles for arms and can constrict up to eight enemies at once.


Message History

The killer bee is almost dead.
You feel sick. The killer bee completely misses you.
The killer bee closely misses you.
You bludgeon the killer bee!
You kill the killer bee!
Cheibriados thoroughly appreciates the change of pace.
You feel sick. The killer bee closely misses you. The killer bee stings you!
You closely miss the killer bee. Your grab misses the killer bee.
You tentacle-slap the killer bee. You squeeze the killer bee!
The killer bee is almost dead.
You feel sick. The killer bee stings you!
* * * LOW HITPOINT WARNING * * *
You are lethally poisoned!
The killer bee poisons you! The killer bee stings you.
* * * LOW HITPOINT WARNING * * *
You are more poisoned.
The killer bee poisons you!
You miss the killer bee. Your grab misses the killer bee.
Your squeeze misses the killer bee.
The killer bee is almost dead.
* * * LOW HITPOINT WARNING * * *
You feel very sick. The killer bee barely misses you.
You barely miss the killer bee. Your grab misses the killer bee.
The killer bee is almost dead.
* * * LOW HITPOINT WARNING * * *
You feel very sick. The killer bee stings you.
* * * LOW HITPOINT WARNING * * *
The killer bee barely misses you.
You closely miss the killer bee. Your grab misses the killer bee.
The killer bee is almost dead.
* * * LOW HITPOINT WARNING * * *
You feel very sick. The killer bee misses you. The killer bee stings you.
* * * LOW HITPOINT WARNING * * *
Unknown command.
It was a potion of might.
You feel very mighty all of a sudden.
You die...

###..#.###.#...#.⌠.⌠.#..##.#
#............#.....##....#
#...>........###'######..##
######..........####..#
#.... #........#..[#### #.##
##.<. #..........#.[.# #.#
##.. #.........(###)# #.#
##. #........### #)#####.#
## #........# #yh†.##.# #
#........# ####.##.# #
#######..##### #..#.## #
##..........## ##.#..# #
##............## #.##.# #
#..............# #..#.# #
#..............# ##.#.# #
#..............# #...# #
#.........)....# ##..# #


You could see a killer bee.

Vanquished Creatures
  2 yaks
  A wyvern (D:6)
  A water moccasin (D:7)
  A black bear (D:4)
  An ice beast (D:6)
  A sky beast (D:7)
  A centaur (D:5)
  2 ogres (D:6)
  A bullfrog (D:6)
  2 scorpions (D:6)
  4 wights (D:6)
  3 killer bees
  3 howler monkeys (D:7)
  A jelly (D:6)
  2 hounds
  2 sleepcaps
  2 iguanas
  4 orc wizards
  5 adders
  2 shadow imps (D:7)
  2 white imps (D:7)
  2 ufetubi
  2 worms (D:2)
  3 dart slugs (D:2)
  24 orcs
  8 endoplasms
  3 giant cockroaches
  5 goblins
  6 hobgoblins
  3 quokkas
  5 ball pythons
  7 bats
  3 frilled lizards (D:1)
  4 kobolds
  2 rats (D:2)
120 creatures vanquished.

Vanquished Creatures (others)
  A ball python (D:3)
1 creature vanquished.

Grand Total: 121 creatures vanquished

Notes
Turn   | Place    | Note
-------+----------+-------------------------------------------
     0 | D:1      | LeprechaunX the Octopode Shapeshifter began the quest for
                  | the Orb.
     0 | D:1      | Reached XP level 1. HP: 13/13 MP: 1/1
   237 | D:1      | Reached XP level 2. HP: 18/18 MP: 2/2
   866 | D:2      | Reached XP level 3. HP: 23/23 MP: 3/3
  1404 | D:3      | Reached XP level 4. HP: 28/29 MP: 4/4
  1593 | D:3      | Found a basalt altar of Yredelemnul.
  1595 | D:3      | Noticed a profane servitor
  1600 | D:3      | Found a glowing golden altar of the Shining One.
  1602 | D:3      | Noticed an angel
  1665 | D:3      | Reached skill level 4 in Unarmed Combat
  1718 | D:3      | Reached XP level 5. HP: 11/34 MP: 5/5
  2142 | D:4      | Found Hethah's Weapon Boutique.
  2493 | D:4      | Noticed a black bear
  2502 | D:4      | Killed a black bear
  2503 | D:4      | Reached XP level 6. HP: 15/41 MP: 6/6
  2789 | D:4      | Noticed an ice beast
  3017 | D:5      | Entered Level 5 of the Dungeon
  3175 | D:5      | Found a glowing silver altar of Zin.
  3275 | D:5      | Reached skill level 5 in Unarmed Combat
  3333 | D:5      | Found a hide-covered altar of Uskayaw.
  3649 | D:6      | Found an opulent altar of Gozag.
  3721 | D:5      | Found a burning altar of Makhleb.
  3849 | D:6      | Reached XP level 7. HP: 34/46 MP: 7/7
  3961 | D:6      | Reached skill level 1 in Ranged Weapons
  4454 | D:6      | Reached skill level 6 in Unarmed Combat
  4457 | D:6      | Reached XP level 8. HP: 47/54 MP: 8/8
  4786 | D:6      | HP: 2/51 [ice beast (10)]
  5269 | D:7      | Noticed a wyvern
  5282 | D:6      | Killed a wyvern
  5283 | D:6      | Reached skill level 7 in Unarmed Combat
  5497 | D:7      | Found a staircase to the Ecumenical Temple.
  5512 | Temple   | Entered the Ecumenical Temple
  5531 | Temple   | Became a worshipper of Cheibriados the Contemplative
  5622 | D:7      | Reached skill level 1 in Invocations
  5622 | D:7      | Reached skill level 5 in Shapeshifting
  5828 | D:7      | Reached XP level 9. HP: 50/58 MP: 10/10
  6022 | D:8      | Reached skill level 8 in Unarmed Combat
  6452 | D:7      | HP: 2/58 [poisoned by a killer bee]
  6453 | D:7      | Succumbed to a killer bee's poison

Illustrated notes

Levels and vault maps discovered:
D:1:      minmay_arrival_plants_in_alcoves, layout_loops_ring
D:2:      layout_basic, minmay_surrounded
D:3:      layout_basic, grunt_temple_overflow_holy_war,
          kennysheep_generic_room_11
D:4:      minmay_diamond_boxcup, layout_gridville, lemuel_tele_altar,
          serial_shops, shop
D:5:      layout_basic, nicolae_uskayaw_dance_hall,
          mainiacjoe_overflow_alcove_1, zin_academy, serial_aquarium,
          aquarium_bridge_square [aquarium_subvault_balcony,
          aquarium_subvault_wall, aquarium_subvault_bridge,
          aquarium_subvault_bridge], aquarium_bridge_island_small
          [aquarium_subvault_small_water, aquarium_subvault_wall,
          aquarium_subvault_bridge, aquarium_subvault_bridge,
          aquarium_subvault_bridge], aquarium_window_3, aquarium_window_1,
          aquarium_view_2c, aquarium_pool_corner,
          hangedman_abyss_or_decor_lesser_grid
D:6:      layout_loops_ring, mainiacjoe_overflow_paths
D:7:      layout_rooms, minmay_temple_entry_hall
D:8:      layout_basic, serial_demonic, serial_demonic_g, serial_demonic_d,
          serial_demonic_c, serial_demonic_c, small_chamber_with_monster,
          hangedman_decor_opposing, grunt_ministairs_2
Temple:   cyrus_circular_temple

Skill      XL: |  1  2  3  4  5  6  7  8  9 |
---------------+----------------------------+-----
Fighting       | 2 3 4 |  4.0
Unarmed Combat | 4 5 6 7 8 |  8.3
Dodging        | 3 4 |  4.0
Ranged Weapons | 2 3 4 |  4.3
Shapeshifting  | 4 5 |  5.4
Invocations    | 1 2 |  2.7

Action                     |  1- 3 |  4- 6 |  7- 9 || total
---------------------------+-------+-------+-------++-------
  Melee: Unarmed           |    63 |    70 |    92 ||   225
         Constrict         |    15 |    15 |    16 ||    46
         Tentacles         |    11 |    12 |    21 ||    44
         Punch             |     2 |     2 |     6 ||    10
   Fire: Shortbow          |       |    23 |    75 ||    98
    Use: Potion            |       |       |     1 ||     1
   Stab: Sleeping          |     7 |     4 |     3 ||    14
 Armour: Skin              |     7 |     4 |     1 ||    12
  Dodge: Dodged            |    37 |    50 |    54 ||   141

Table legend: (Time is in decaauts)
 A = Elapsed time spent in this place.
 B = Non-inter-level travel time spent in this place.
 C = Inter-level travel time spent in this place.
 D = Time resting spent in this place.
 E = Time spent auto-exploring this place.
 F = Levels seen in this place.
 G = Mean time per level.
                   A        B        C        D        E       F      G
               +--------+--------+--------+--------+--------+-----+--------+
         Total |   6551 |   6215 |    336 |    793 |   4510 |   9 |  727.9 |
       Dungeon |   6519 |   6183 |    336 |    793 |   4510 |   8 |  814.9 |
        Temple |     32 |     32 |      0 |      0 |      0 |   1 |   32.0 |
               +--------+--------+--------+--------+--------+-----+--------+

Top non-repeatable levels by time:
     D:6: 1634 daAuts
     D:7: 1037 daAuts
     D:3: 847 daAuts
     D:4: 824 daAuts
     D:5: 765 daAuts
     D:2: 733 daAuts
     D:1: 602 daAuts
     D:8: 73 daAuts
  Temple: 32 daAuts
